 Dungeon Crawl Stone Soup version 0.28.0 (webtiles) character file.

Game seed: 17667968043375126624

3052 browni3141 the Cleaver (level 9, -1/82 HPs)
             Began as a Minotaur Berserker on Feb 10, 2022.
             Was a Priest of Trog.
             Slain by a yak (13 damage)
             ... on level 8 of the Dungeon.
             The game lasted 00:02:53 (4542 turns).

browni3141 the Cleaver (Minotaur Berserker)         Turns: 4542, Time: 00:02:53

Health: -1/82      AC: 15    Str: 25    XL:     9   Next: 57%
Magic:  8/8        EV:  9    Int:  4    God:    Trog [***...]
Gold:   138        SH:  0    Dex: 11    Spells: 8/8 levels left

rFire   . . .      SeeInvis .   d - +1 hand axe (elec)
rCold   . . .      Faith    .   (no shield)
rNeg    . . .      Spirit   .   n - +0 plate armour
rPois   .          Reflect  .   (helmet restricted)
rElec   .          Harm     .   r - +0 cloak
rCorr   .          Rampage  .   (no gloves)
Will    .....                   (no boots)
Stlth   ..........              (no amulet)
HPRegen 0.23/turn               (no ring)
MPRegen 0.11/turn               (no ring)

@: on berserk cooldown, slowed, very slow
A: horns 2, retaliatory headbutt
a: Renounce Religion, Berserk, Trog's Hand


You were on level 8 of the Dungeon.
You worshipped Trog.
Trog was most pleased with you.
You visited 1 branch of the dungeon, and saw 8 of its levels.

You collected 138 gold pieces.

Inventory:

Hand Weapons
 a - a +0 hand axe
 d - a +1 hand axe of electrocution (weapon)
Armour
 b - a +0 animal skin
 f - a +0 chain mail
 n - a +0 plate armour (worn)
 r - a +0 cloak (worn)
Jewellery
 e - a ring of magical power
 m - an amulet of regeneration
Scrolls
 c - a scroll of torment {unknown}
 g - 2 scrolls of identify {unknown}
 h - 2 scrolls of teleportation {unknown}
 l - a scroll of immolation {unknown}
Potions
 i - a potion of flight {unknown}
 j - 2 potions of haste {unknown}
 k - a potion of heal wounds {unknown}
 o - a potion of attraction {unknown}
 p - a potion of lignification {unknown}
 q - a potion of cancellation {unknown}


   Skills:
 + Level 8.8 Fighting
 + Level 8.9 Axes
 + Level 8.4 Armour
 + Level 7.6 Dodging


You had 8 spell levels left.
You didn't know any spells.
Your spell library was empty.

Dungeon Overview and Level Annotations

Branches:
Dungeon (8/15)
 Temple: D:4-7         Lair: D:8-11

Altars:


Innate Abilities, Weirdness & Mutations

You have a pair of horns on your head.
You reflexively headbutt those who attack you in melee.


Message History

The yak is heavily wounded.
You slice the yak!!
You kill the yak!
Trog accepts your kill.
You completely miss the yak. You slash the yak! You headbutt the yak!
The yak is severely wounded.
You slash the yak! Lightning courses through the yak!
You kill the yak!
Trog accepts your kill.
You completely miss the yak.
You are no longer berserk.
You are exhausted.
You feel yourself slow down.
You closely miss the yak. You headbutt the yak.
The yak is lightly wounded.
You hit the yak. You headbutt the yak.
The yak is moderately wounded.
The yak gores you. The yak gores you! The yak gores you.
You hit the yak.
The yak is moderately wounded.
You hit the yak but do no damage. Lightning courses through the yak!
The yak closely misses you. The yak misses you. You furiously retaliate!
You headbutt the yak! You hit the yak.
The yak is severely wounded.
You hit the yak. The yak gores you. x3
You barely miss the yak. Your headbutt misses the yak.
The yak is severely wounded.
You hit the yak but do no damage. The yak gores you but does no damage.
The yak gores you!
* * * LOW HITPOINT WARNING * * *
The yak gores you.
* * * LOW HITPOINT WARNING * * *
You are too injured to fight recklessly!
You are too injured to fight recklessly!
Unknown command.
The yak gores you but does no damage. The yak closely misses you.
The yak gores you!
You die...

##.....#
#......#
#.###...# #.#
##..## . #.#
#...## .. #.#
#....## ##..#
## #.#...##
#...#
#..###..###....
...## ##@.#).#
##.. #YY.)# ##.
##.)## ## #.##
..# .... .#...
..#.... ..
....#


You could see 2 yaks.

Vanquished Creatures
  Sigmund (D:5)
  2 wyverns (D:7)
  3 yaks (D:8)
  Menkaure (D:5)
  4 orc warriors
  An ice beast (D:5)
  A sky beast (D:5)
  A black bear (D:7)
  2 necrophages (D:6)
  3 centaurs
  A phantom (D:6)
  A kobold brigand (D:6)
  A bullfrog (D:8)
  A scorpion (D:5)
  A water moccasin skeleton (D:6)
  3 killer bees (D:7)
  2 bullfrog zombies
  3 orc priests
  A hound (D:7)
  Jessica (D:2)
  An iguana (D:6)
  5 orc wizards
  A killer bee zombie (D:7)
  5 gnolls
  3 adders
  A howler monkey skeleton (D:6)
  An ufetubus (D:7)
  20 orcs
  A ball python (D:1)
  A giant cockroach (D:2)
  4 goblins (D:2)
  4 hobgoblins
  12 kobolds
  A quokka (D:2)
  2 bats (D:2)
  3 rats
99 creatures vanquished.

Vanquished Creatures (others)
  2 fungi (D:1)
  5 plants
7 creatures vanquished.

Grand Total: 106 creatures vanquished

Notes
Turn   | Place    | Note
-------+----------+-------------------------------------------
     0 | D:1      | browni3141 the Minotaur Berserker began the quest for the
                  | Orb.
     0 | D:1      | Reached XP level 1. HP: 19/19 MP: 0/0
   217 | D:1      | Found a faded altar of an unknown god.
   401 | D:1      | Reached XP level 2. HP: 24/27 MP: 1/1
   547 | D:2      | Reached XP level 3. HP: 27/33 MP: 2/2
   825 | D:2      | Noticed Jessica
   829 | D:2      | Killed Jessica
   929 | D:2      | Reached XP level 4. HP: 40/40 MP: 3/3
  1578 | D:3      | Reached ** piety under Trog
  1684 | D:5      | Entered Level 5 of the Dungeon
  1684 | D:5      | Noticed Sigmund
  1692 | D:5      | Killed Sigmund
  1693 | D:5      | Reached skill level 5 in Fighting
  1693 | D:5      | Reached skill level 5 in Axes
  1693 | D:5      | Reached XP level 5. HP: 43/48 MP: 4/4
  1814 | D:5      | Noticed Menkaure
  1826 | D:5      | Killed Menkaure
  1827 | D:5      | Reached XP level 6. HP: 56/56 MP: 5/5
  1949 | D:5      | Noticed an ice beast
  1959 | D:5      | Killed an ice beast
  1960 | D:5      | Reached skill level 5 in Armour
  1960 | D:5      | Reached XP level 7. HP: 62/62 MP: 6/6
  2335 | D:6      | Reached skill level 5 in Dodging
  2353 | D:6      | Reached XP level 8. HP: 52/71 MP: 7/7
  3752 | D:7      | Reached XP level 9. HP: 81/81 MP: 8/8
  4520 | D:8      | Reached *** piety under Trog
  4542 | D:8      | Slain by a yak

Illustrated notes

Levels and vault maps discovered:
D:1:      tarquinn_simple_flora_water_a, layout_basic,
          shapermc_ecumenical_altar_mp_ritualfount, minmay_pentomino_z4
D:2:      layout_loops_corners, serial_aquarium, aquarium_bridge_long_separate
          [aquarium_subvault_balcony, aquarium_subvault_bridge,
          aquarium_subvault_bridge, aquarium_subvault_balcony,
          aquarium_subvault_bridge, aquarium_subvault_bridge],
          aquarium_bridge_square [aquarium_subvault_window,
          aquarium_subvault_window, aquarium_subvault_wall,
          aquarium_subvault_bridge], aquarium_window_2, aquarium_window_double,
          aquarium_window_fake, aquarium_view_2d, nrook_mini_vaults,
          uniq_jessica
D:3:      layout_rooms, serial_bayou_lake_a, uniq_ijyb, uniq_crazy_yiuf_cottage
D:4:      corexii_shantytown, layout_loops_ring, hex_tiny,
          kennysheep_generic_room_5
D:5:      layout_basic, uniq_edmund, uniq_menkaure, uniq_sigmund
D:6:      layout_loops_ring
D:7:      layout_loops_cross, temple_fountains
D:8:      layout_layer_cave, mainiacjoe_overflow_tiny_flanked

Skill      XL: |  1  2  3  4  5  6  7  8  9 |
---------------+----------------------------+-----
Fighting       | 4 5 6 7 8 |  8.8
Axes           | 4 5 6 8 |  8.9
Armour         | 3 4 5 6 7 8 |  8.4
Dodging        | 3 4 5 6 7 |  7.6

Action                   |  1- 3 |  4- 6 |  7- 9 || total
-------------------------+-------+-------+-------++-------
Melee: Hand axe          |    33 |    40 |   174 ||   247
       Headbutt          |     6 |     7 |    23 ||    36
       Punch             |       |       |     4 ||     4
Invok: Berserk           |       |     3 |     5 ||     8
Armor: Animal skin       |     5 |     1 |       ||     6
       Chain mail        |       |     9 |    33 ||    42
       Plate armour      |       |       |    53 ||    53
Dodge: Dodged            |    18 |    14 |    78 ||   110
